 Dungeon Crawl Stone Soup version 0.27.1 (webtiles) character file.

Game seed: 13302586358867300909

69 SeanNever the Skirmisher (level 4, -1/40 HPs)
             Began as a Draconian Berserker on Sept 1, 2021.
             Was a Follower of Trog.
             Killed from afar by an orc wizard (6 damage)
             ... with a puff of flame
             ... on level 6 of the Dungeon.
             The game lasted 00:04:58 (962 turns).

SeanNever the Skirmisher (Draconian Berserker)       Turns: 962, Time: 00:04:59

Health: -1/40      AC:  5    Str: 18 (21) XL:     4   Next: 2%
Magic:  4/4        EV: 12    Int:  4 (7)  God:    Trog [*.....]
Gold:   42         SH:  0    Dex:  7 (10) Spells: 3/3 levels left

rFire    . . .     SeeInvis .   g - +1 mace (vorpal)
rCold    . . .     Faith    .   (no shield)
rNeg     . . .     Spirit   .   (armour unavailable)
rPois    .         Reflect  .   (helmet restricted)
rElec    .         Harm     .   (no cloak)
rCorr    .         Rampage  .   (no gloves)
Will     .....                  (no boots)
Stlth    +.........             (no amulet)
HPRegen  0.13/turn              (no ring)
MPRegen  0.09/turn              (no ring)

@: no status effects
A: AC +5, unfitting armour, cold-blooded
a: Renounce Religion, Berserk


You were on level 6 of the Dungeon.
You worshipped Trog.
Trog was aware of your devotion.
You visited 1 branch of the dungeon, and saw 6 of its levels.

You collected 42 gold pieces.

Inventory:

Hand Weapons
 a - a +0 falchion
 g - a +1 vorpal mace (weapon)
Wands
 e - a wand of charming (8)
Scrolls
 b - a scroll of brand weapon {unknown}
 c - 2 scrolls of identify {unknown}
 h - a scroll of amnesia {unknown}
 i - a scroll of magic mapping {unknown}
Potions
 d - a potion of curing {unknown}
 f - a potion of lignification {unknown}
 j - a potion of degeneration


   Skills:
 + Level 3.8 Fighting
 + Level 3.5 Long Blades
 + Level 0.7 Maces & Flails
 + Level 3.5 Dodging
 + Level 0.3 Stealth


You had 3 spell levels left.
You didn't know any spells.
Your spell library was empty.

Dungeon Overview and Level Annotations

Branches:
Dungeon (6/15)
 Temple: D:4-7

Altars:
Dithmenos


Innate Abilities, Weirdness & Mutations

Your plain brown scales are hard. (AC +5)
You cannot fit into any form of body armour.
You are cold-blooded and may be slowed by cold attacks.


Message History

A howler monkey zombie comes into view.
The black bear bites you but does no damage.
The black bear closely misses you. x2
The black bear bites you but does no damage.
The black bear misses you.
The black bear claws you but does no damage.
You see here a white potion.
The black bear bites you but does no damage.
The black bear claws you.
The black bear claws you but does no damage.
The black bear misses you. The black bear claws you.
The black bear claws you but does no damage.
The howler monkey zombie hits you.
You see here an iguana corpse.
There is an escape hatch in the floor here.
The howler monkey zombie barely misses you.
The black bear bites you.
* * * LOW HITPOINT WARNING * * *
The black bear claws you.
* * * LOW HITPOINT WARNING * * *
The black bear closely misses you.
You slide downwards.
The hatch slams shut behind you.
The black bear bites you but does no damage.
The black bear claws you.
* * * LOW HITPOINT WARNING * * *
The black bear barely misses you.
It was a potion of degeneration.
There was something very wrong with that liquid.
You feel weakened.
You feel dopey.
You feel clumsy. The black bear barely misses you. The black bear claws you.
* * * LOW HITPOINT WARNING * * *
The black bear claws you but does no damage.
Found a fizzy pink potion and a book of Winter.
You see here a fizzy pink potion.
You see here a book of Winter.
An orc wizard comes into view. It is wielding a +0 dagger.
The orc wizard shouts!
The orc wizard gestures at you while chanting.
The puff of flame hits you.
You die...

####.#####.#.#
........#!###.#
#.....## #..
####:#.# ##.
#.##.# .. #.#
#.# . #.# .#
#h# # #@# #.#
... .#### o. ##


You could see a black bear and an orc wizard.

Vanquished Creatures
  An iguana (D:5)
  An adder (D:3)
  A dart slug (D:3)
  3 orcs (D:3)
  3 endoplasms
  2 goblins (D:1)
  2 hobgoblins
  2 kobolds
  3 quokkas (D:3)
  2 ball pythons
  2 bats (D:1)
  5 rats
27 creatures vanquished.

Notes
Turn   | Place    | Note
-------+----------+-------------------------------------------
     0 | D:1      | SeanNever the Draconian Berserker began the quest for the
                  | Orb.
     0 | D:1      | Reached XP level 1. HP: 19/19 MP: 1/1
   247 | D:1      | Reached XP level 2. HP: 13/26 MP: 2/2
   748 | D:3      | Reached XP level 3. HP: 9/33 MP: 3/3
   793 | D:3      | Found a shadowy altar of Dithmenos.
   914 | D:5      | Entered Level 5 of the Dungeon
   923 | D:5      | Reached XP level 4. HP: 21/40 MP: 4/4
   924 | D:5      | Noticed a black bear
   962 | D:6      | Killed from afar by an orc wizard

Illustrated notes

Levels and vault maps discovered:
D:1:      minmay_arrival_glassed_features, layout_loops_ring, minmay_ruptured
D:2:      layout_loops_ring
D:3:      layout_basic, mainiacjoe_overflow_tiny_flanked, dk_vineyard_3
D:4:      layout_loops_ring, nicolae_wu_jian_wuxing_cycle,
          mainiacjoe_overflow_concentric_impassable, kennysheep_mini, tgw_trog,
          minmay_temple_entry_junction, uniq_ijyb, uniq_eustachio, uniq_pikel,
          uniq_edmund
D:5:      layout_rooms, nicolae_ru_path_of_blood, lightli_corner_chamber
D:6:      black_bear_nest_2, layout_loops_ring,
          chequers_temple_overflow_statue_of_worship,
          fedhas_bush_and_centaur_altar, minmay_hollow_rounded_squares

Skill      XL: |  1 |
---------------+----+-----
Dodging        | 3 |  3.5
Fighting       | |  3.8
Long Blades    | |  3.5
Maces & Flails | |  0.7
Stealth        | |  0.3

Action                   |  1- 3 |  4- 6 || total
-------------------------+-------+-------++-------
Melee: Falchion          |    44 |       ||    44
       Tailslap          |    10 |       ||    10
       Mace              |    29 |       ||    29
  Use: Potion            |       |     1 ||     1
 Stab: Sleeping          |     1 |       ||     1
Armor: Skin              |    34 |     8 ||    42
Dodge: Dodged            |    97 |    10 ||   107
       Rpst.: Falchion   |    15 |       ||    15
